 Dungeon Crawl Stone Soup version 0.28.0-45-g0d030f2227 (webtiles) character file.

Game seed: 6295194848064757688

978 Zeor the Spear-Bearer (level 8, -14/63 HPs)
             Began as a Merfolk Gladiator on Apr 11, 2022.
             Was an Initiate of Wu Jian.
             Demolished by a two-headed ogre
             ... wielding a +0 giant club
              (27 damage)
             ... on level 9 of the Dungeon.
             The game lasted 00:13:01 (6389 turns).

Zeor the Spear-Bearer (Merfolk Gladiator)           Turns: 6389, Time: 00:13:01

Health: -14/63     AC: 12    Str: 14    XL:     8   Next: 17%
Magic:  8/8        EV: 14    Int:  7    God:    Wu Jian [......]
Gold:   358        SH:  0    Dex: 18    Spells: 7/7 levels left

rFire   + . .      SeeInvis .   a - +2 trident
rCold   . . .      Faith    .   (no shield)
rNeg    . . .      Spirit   .   n - +1 ring mail of Light {rF+}
rPois   .          Reflect  .   c - +1 helmet
rElec   .          Harm     .   (no cloak)
rCorr   .          Rampage  .   (no gloves)
Will    .....      Clarity  +   (no boots)
Stlth   ++........              (no amulet)
HPRegen 0.20/turn               g - +4 ring of protection
MPRegen 0.11/turn               (no ring)

@: mighty
A: (nimble swimmer 2), mertail, clarity, robust 1
a: Renounce Religion


You were on level 9 of the Dungeon.
You worshipped Wu Jian.
Wu Jian was noncommittal.
You visited 1 branch of the dungeon, and saw 7 of its levels.

You collected 358 gold pieces.

Inventory:

Hand Weapons
 a - a +2 trident (weapon)
 f - a +0 trident
Missiles
 e - 6 boomerangs (quivered)
 j - 54 bolts
 k - 76 arrows
 q - 6 atropa-tipped darts
Armour
 c - a +1 helmet (worn)
 l - a +2 buckler
 n - the +1 ring mail of Light (worn) {rF+}
   (You found it on level 3 of the Dungeon)

   rF:        It protects you from fire.
Jewellery
 g - a +4 ring of protection (left hand)
Scrolls
 i - 6 scrolls of teleportation
 p - a scroll of enchant armour
Potions
 b - a potion of heal wounds {unknown}
 h - 2 potions of curing
 m - a potion of invisibility


   Skills:
 + Level 3.5 Fighting
 * Level 10.7 Polearms
 + Level 2.1 Throwing
 + Level 2.1 Armour
 * Level 6.2 Dodging
 + Level 2.3 Stealth


You had 7 spell levels left.
You didn't know any spells.
Your spell library contained the following spells:

 Spells                   Type           Power      Damage    Failure   Level
 Beastly Appendage        Tmut           0%         N/A       67%         1
 Corpse Rot               Necr/Air       0%         N/A       80%         2
 Poisonous Vapours        Pois/Air       0%         N/A       80%         2
 Wereblood                Tmut           0%         N/A       80%         2
 Spider Form              Tmut/Pois      0%         N/A       95%         3


Dungeon Overview and Level Annotations

Branches:
Dungeon (6/15)
 Temple: D:4-7

Altars:
Ashenzari
Elyvilon
Trog
Wu Jian
Zin


Innate Abilities, Weirdness & Mutations

((You are very nimble when in or above water. (Stealth+, EV+, Speed+++)))
Your lower body shifts to a powerful aquatic tail in water.
You possess an exceptional clarity of mind.
You are robust. (+10% HP)


Message History

You hit the two-headed ogre.
The two-headed ogre is moderately wounded.
The two-headed ogre struggles against the net.
You puncture the two-headed ogre!
The two-headed ogre is heavily wounded.
You hit the two-headed ogre.
The two-headed ogre is heavily wounded.
The two-headed ogre struggles against the net.
You hit the two-headed ogre but do no damage.
The two-headed ogre is heavily wounded.
The two-headed ogre struggles against the net.
The net rips apart, and the two-headed ogre comes free!
You hit the two-headed ogre.
The two-headed ogre is heavily wounded.
You puncture the two-headed ogre!
The two-headed ogre is severely wounded.
The two-headed ogre closely misses you.
The two-headed ogre hits you but does no damage.
Found a potion of invisibility.
You barely miss the two-headed ogre.
The two-headed ogre is severely wounded.
The two-headed ogre closely misses you.
The two-headed ogre hits you with a +0 dire flail!
You reach to attack!
You barely miss the two-headed ogre.
The two-headed ogre is severely wounded.
You hit the two-headed ogre.
The two-headed ogre is severely wounded.
The two-headed ogre hits you with a +0 giant club!
The two-headed ogre barely misses you.
You are too injured to fight recklessly!
You closely miss the two-headed ogre.
The two-headed ogre is severely wounded.
The two-headed ogre hits you with a +0 giant club!
* * * LOW HITPOINT WARNING * * *
The two-headed ogre barely misses you.
It was a potion of magic.
Magic courses through your body.
It was a potion of might.
You feel very mighty all of a sudden.
The two-headed ogre hits you with a +0 giant club!!
You die... ▒∙ ▒∙▒∙ ∙∙∙∙∙

▒∙▒∙∙∙
▒∙▒∙∙∙∙
▒∙▒∙▒∙▒∙
▒▒▒▒∙▒∙▒∙▒∙▒
▒mO∙▒∙▒∙▒∙▒
▒∙∙▒∙∙∙▒∙▒
▒∙∙∙∙∙∙∙▒
▒∙∙∙∙∙∙▒∙▒
▒∙∙∙∙∙∙∙▒∙▒
▒∙▒▒∙▒∙▒∙▒
▒▒▒∙▒∙▒∙▒∙▒
∙∙ ∙∙∙∙∙∙▒
∙∙∙ ∙∙∙∙∙▒∙


You could see a two-headed ogre.

Vanquished Creatures
  A sky beast (D:5)
  An ice beast (D:5)
  An ogre (D:6)
  Blork the orc (D:4)
  A scorpion (D:5)
  A water moccasin zombie (D:5)
  2 water moccasin skeletons (D:5)
  A howler monkey (D:4)
  3 hounds
  An orc priest (D:3)
  3 iguanas
  An orc wizard (D:5)
  A hound skeleton (D:5)
  7 adders
  A white imp (D:6)
  An adder skeleton (D:4)
  2 worms (D:2)
  3 dart slugs
  11 orcs
  2 endoplasms
  5 giant cockroaches
  4 goblins
  7 hobgoblins
  4 quokkas
  4 ball pythons
  8 bats
  4 frilled lizards
  8 kobolds
  8 rats
97 creatures vanquished.

Vanquished Creatures (others)
  A fungus (D:1)
1 creature vanquished.

Grand Total: 98 creatures vanquished

Notes
Turn   | Place    | Note
-------+----------+-------------------------------------------
     0 | D:1      | Zeor the Merfolk Gladiator began the quest for the Orb.
     0 | D:1      | Reached XP level 1. HP: 16/16 MP: 1/1
   340 | D:1      | Reached XP level 2. HP: 22/22 MP: 2/2
   493 | D:1      | Reached skill level 5 in Polearms
   836 | D:1      | Found a faded altar of an unknown god.
  1254 | D:2      | Reached XP level 3. HP: 27/27 MP: 3/3
  2012 | D:2      | Reached skill level 5 in Dodging
  2073 | D:2      | Reached XP level 4. HP: 33/33 MP: 4/4
  2271 | D:2      | Reached skill level 6 in Polearms
  2708 | D:3      | Gained mutation: You possess an exceptional clarity of
                  | mind. [potion of mutation]
  2708 | D:3      | Gained mutation: You are robust. (+10% HP) [potion of
                  | mutation]
  3043 | D:3      | Reached XP level 5. HP: 42/42 MP: 5/5
  3156 | D:3      | Reached skill level 1 in Stealth
  3594 | D:3      | Identified the +1 ring mail of Light {rF+}
  3913 | D:4      | Found a broken altar of Ashenzari.
  3921 | D:4      | Noticed Blork the orc
  3925 | D:4      | Reached skill level 7 in Polearms
  3939 | D:4      | Killed Blork the orc
  3940 | D:4      | Reached XP level 6. HP: 40/50 MP: 6/6
  4210 | D:4      | Reached skill level 1 in Armour
  4523 | D:4      | Reached skill level 8 in Polearms
  5133 | D:5      | Entered Level 5 of the Dungeon
  5152 | D:5      | Found an ornate altar of the Wu Jian Council.
  5178 | D:5      | Became a worshipper of the Wu Jian Council
  5261 | D:5      | Reached XP level 7. HP: 55/57 MP: 7/7
  5372 | D:5      | Reached skill level 9 in Polearms
  5587 | D:5      | Reached skill level 10 in Polearms
  5844 | D:5      | Reached XP level 8. HP: 60/63 MP: 8/8
  6040 | D:5      | Found a white marble altar of Elyvilon.
  6093 | D:5      | Found a glowing silver altar of Zin.
  6268 | D:6      | Found a bloodstained altar of Trog.
  6361 | D:6      | You fall into a shaft and drop 3 floors!
  6361 | D:9      | Noticed a yak
  6361 | D:9      | Noticed a yak
  6361 | D:9      | Noticed a yak
  6361 | D:9      | Noticed a yak
  6361 | D:9      | Noticed a yak
  6367 | D:9      | Noticed a two-headed ogre
  6389 | D:9      | Demolished by a two-headed ogre

Illustrated notes

Levels and vault maps discovered:
D:1:      evilmike_arrival_plus, layout_rooms, shapermc_ecumenical_altar_gd,
          serial_forest, infiniplex_forest_straight_1,
          infiniplex_forest_lined_room_, infiniplex_forest_lined_corner,
          infiniplex_forest_clump_diagonal, infiniplex_forest_clump_small,
          infiniplex_forest_end_2, infiniplex_forest_clump_diagonal,
          infiniplex_forest_end_3, minmay_crystal_room,
          minmay_misc_feat_secret_circle
D:2:      layout_loops_corners, st_stairs_1, minmay_pentomino_t2
D:3:      layout_basic, minmay_misc_feat_square, kennysheep_generic_room_10
D:4:      layout_layer_cave, mainiacjoe_overflow_chevrons, minmay_misc_feat_chi,
          minmay_misc_feat_ornament, uniq_blork_the_orc
D:5:      layout_rooms, amcnicky_altar_gilded, zin_academy, pf_just_have_faith
D:6:      layout_layer_cave, lemuel_round_altar, temple_statues, roderic_batcave
D:9:      layout_basic, slow_altar_1, nicolae_uskayaw_dance_hall, minitemple,
          mainiacjoe_overflow_boulevard, nicolae_vehumet_radiance,
          minmay_fractal_squares_diagonal_5

Skill      XL: |  1  2  3  4  5  6  7 |
---------------+----------------------+-----
Polearms       | 5 6 7 8 10 | 10.7
Dodging        | 5 6 |  6.2
Stealth        | 1 2 |  2.3
Armour         | 1 2 |  2.1
Fighting       | 3 |  3.5
Throwing       | |  2.1

Action                   |  1- 3 |  4- 6 |  7- 9 || total
-------------------------+-------+-------+-------++-------
Melee: Trident           |   119 |   176 |   131 ||   426
       Punch             |     2 |     1 |     1 ||     4
Throw: Throwing net      |       |     4 |     1 ||     5
Invok: Lunge             |       |       |     1 ||     1
  Use: Scroll            |     5 |     4 |     4 ||    13
       Potion            |       |     4 |     2 ||     6
 Stab: Sleeping          |     4 |     3 |     3 ||    10
       Held in net/web   |       |     1 |       ||     1
Armor: Leather armour    |    23 |    16 |       ||    39
       Skin              |       |     3 |       ||     3
       Ring mail         |       |    18 |    37 ||    55
Dodge: Dodged            |    62 |    81 |    38 ||   181
